Map: Oxide LE

Players

Epic

  • Race: Terran Terran

MCanning - Winner!

  • Race: Protoss Protoss

Event: DreamHack SC2 Masters 2021 Fall

VOD

Have the link to the VOD?

Description

Time

  • Played on: Aug. 3, 2021, 4:19 p.m.
  • Length: 15:06

All games in this series

Show
View Real Time Build Order
Export as new Build Order

Epic Terran 

Build Orders: 2 Factory, Reaper Expand 

Get SALT Encoding   

  12  0:00  SCV  
  13  0:12  SCV  
  14  0:17  Supply Depot  
  14  0:24  SCV  
  15  0:38  SCV  
  15  0:40  Barracks  
  15  0:42  Refinery  
  16  0:50  SCV  
  17  1:02  SCV  
  18  1:15  SCV  
  19  1:27  Reaper, Orbital Command  
  20  1:46  Command Center  
  20  1:52  Supply Depot  
  20  1:54  SCV  
  21  1:59  Marine  
  22  2:10  SCV, Factory  
  23  2:18  Bunker  
  23  2:19  Barracks Reactor  
  23  2:22  SCV  
  24  2:28  Refinery  
  24  2:34  SCV  
  25  2:46  SCV  
  25  2:55  Hellion  
  25  2:56  Marine x2  
  29  2:58  SCV  
  29  3:01  Factory  
  29  3:04  Orbital Command  
  30  3:10  SCV  
  31  3:14  Marine x2  
  31  3:17  Factory Tech Lab  
  33  3:22  SCV  
  34  3:31  SCV  
  35  3:35  SCV  
  35  3:36  Marine, Siege Tank, Starport  
  35  3:37  Marine  
  40  3:47  SCV x2  
  42  3:50  Supply Depot  
  42  3:54  Marine  
  42  3:55  Marine  
  44  3:59  SCV x2  
  46  4:04  Command Center  
  46  4:12  SCV  
  46  4:13  SCV  
  46  4:15  Marine  
  46  4:16  Marine  
  53  4:20  Supply Depot  
  50  4:25  Raven, Factory Tech Lab  
  50  4:26  SCV x2  
  54  4:31  Barracks  
  54  4:37  Barracks  
  54  4:42  Marine x2, SCV x2  
  54  4:43  Supply Depot  
  58  4:49  Siege Tank  
  59  4:52  Engineering Bay  
  59  4:56  Supply Depot  
  59  4:57  SCV  
  59  4:59  SCV  
  61  5:03  Marine  
  61  5:04  Marine  
  63  5:08  Refinery  
  63  5:09  Supply Depot  
  63  5:12  SCV  
  64  5:16  SCV, Starport Reactor  
  64  5:18  Orbital Command  
  65  5:21  Terran Infantry Weapons Level 1  
  65  5:26  SCV  
  66  5:28  SCV  
  66  5:29  Stimpack  
  67  5:36  Refinery  
  67  5:37  Marine, Marauder x2  
  67  5:38  Marine  
  67  5:40  Factory Reactor  
  67  5:41  SCV  
  67  5:42  SCV  
  75  5:43  SCV  
  75  5:49  Supply Depot  
  76  5:52  Combat Shield  
  76  5:53  Missile Turret  
  76  5:55  SCV x2  
  78  5:58  Marine x2  
  78  5:59  Marauder  
  78  6:02  Orbital Command  
  82  6:06  Supply Depot  
  82  6:07  SCV x2  
  82  6:08  Medivac, Marauder  
  88  6:16  Marine x2  
  88  6:17  Medivac  
  90  6:19  SCV x2  
  92  6:25  Supply Depot  
  92  6:26  Supply Depot, Widow Mine x2  
  92  6:27  SCV  
  92  6:31  SCV x2  
  99  6:36  Marauder x2  
  99  6:37  Marine x2  
  105  6:42  Supply Depot  
  105  6:43  Supply Depot  
  105  6:44  SCV x2  
  105  6:46  SCV  
  107  6:48  Medivac  
  107  6:50  Medivac  
  107  6:54  Widow Mine  
  113  6:55  Widow Mine  
  113  6:59  Supply Depot  
  113  7:00  SCV x2  
  117  7:01  Supply Depot  
  117  7:02  SCV  
  117  7:05  Marine x2  
  117  7:06  Marauder  
  122  7:09  Marauder  
  122  7:12  Concussive Shells  
  122  7:14  Barracks  
  123  7:17  Barracks  
  123  7:20  SCV x3  
  124  7:31  Marine x2  
  124  7:32  Widow Mine x2, Medivac, Marauder x2  
  124  7:33  Medivac  
  138  7:39  Supply Depot  
  133  7:49  Marine x2  
  130  7:53  Marauder x2  
  130  7:55  SCV x3  
  130  7:57  Widow Mine x2, Command Center  
  140  8:09  Medivac x2  
  140  8:10  Barracks Reactor, Barracks Tech Lab  
  131  8:14  Marauder x2  
  131  8:15  Marine  
  131  8:16  Marine  
  125  8:26  Widow Mine x2  
  125  8:28  Refinery  
  125  8:29  Refinery  
  125  8:30  Terran Infantry Armor Level 1  
  125  8:33  Marine  
  131  8:34  Marauder  
  131  8:36  Marauder x2  
  131  8:39  Marine  
  133  8:42  Barracks  
  133  8:43  Barracks  
  133  8:45  Barracks  
  133  8:47  Liberator  
  136  8:48  Marine  
  136  8:49  Marine  
  136  8:51  Marine  
  141  8:55  Marauder  
  141  8:57  Marauder x2  
  141  9:01  Liberator  
  143  9:04  SCV x3  
  143  9:05  Missile Turret  
  143  9:07  Marine x3, Supply Depot, Missile Turret  
  143  9:08  Supply Depot x2, Widow Mine, Missile Turret  
  143  9:09  Widow Mine  
  155  9:17  Marauder  
  152  9:28  Marine x4, Marauder x2  
  159  9:34  Barracks Tech Lab x2  
  159  9:35  Barracks Reactor  
  161  9:38  Marauder  
  161  9:40  Missile Turret  
  161  9:45  Missile Turret x2  
  151  9:46  SCV x3  
  151  9:50  Marine x2, Marauder x2  
  159  9:57  Marine x2  
  140  10:00  Marauder  
  140  10:03  Marauder x2  
  140  10:04  Liberator x2  
  148  10:10  SCV x2  
  148  10:11  Marauder  
  140  10:17  Planetary Fortress  
  140  10:19  Marine x5, Marauder  
  140  10:20  Marine  
  143  10:21  Marauder  
  143  10:24  Marauder  
  145  10:28  Starport  
  145  10:30  Marine, Armory  
  145  10:32  Marine  
  145  10:33  Refinery x2  
  147  10:37  Marine  
  147  10:38  Marine x4  
  147  10:39  Marine  
  147  10:40  Marauder  
  147  10:42  Marine  
  156  10:51  Ghost Academy, Medivac x2  
  156  10:53  Marauder  
  156  10:54  Marauder  
  156  10:56  SCV x4  
  168  10:59  Marine x3  
  168  11:01  Marine  
  168  11:02  Marine x2  
  174  11:08  SCV x2  
  174  11:09  Liberator x2  
  176  11:22  Marauder x3  
  176  11:23  Fusion Core, Terran Ship Weapons Level 1  
  176  11:27  Engineering Bay  
  176  11:31  Terran Infantry Weapons Level 2, Command Center  
  176  11:38  Enhanced Shockwaves  
  168  11:44  Marine x5  
  168  11:45  Marine  
  168  11:46  Marauder x3  
  182  11:47  Marauder  
  182  11:48  Ghost  
  184  11:56  Terran Infantry Armor Level 2  
  184  12:09  Liberator  
  184  12:10  Advanced Ballistics  
  184  12:11  Missile Turret  
  184  12:13  Marine x8, Marauder x2  
  199  12:17  Marine  
  172  12:39  Marauder x3  
  172  12:40  Liberator  
  172  12:41  Liberator x2  
  172  12:42  Marine x6, Marauder x2  
  178  13:00  Marine, Marauder  
  178  13:01  Marauder  
  178  13:03  Ghost x3  
  189  13:09  Marine  
  189  13:10  Marine x3  
  189  13:11  Marine  
  194  13:16  Liberator  
  194  13:18  Marine  
  198  13:22  Marauder  
  200  13:33  Missile Turret  
  173  14:06  Missile Turret  
  173  14:12  Liberator  
  170  14:17  Liberator  
  170  14:18  Liberator  
  170  14:19  Liberator  
  131  14:37  Marine, Marauder  
  131  14:38  Marine x5, Marauder x4  
  98  14:53  Missile Turret  
Show
View Real Time Build Order
Export as new Build Order

MCanning Protoss - Winner!

Build Orders: 1 Gate Expand, Blink Stalkers 

Get SALT Encoding   

  12  0:00  Probe  
  13  0:12  Probe  
  14  0:17  Pylon  
  14  0:24  Probe  
  15  0:36  Gateway, Probe (Chrono Boost)  
  16  0:46  Assimilator  
  16  0:47  Probe (Chrono Boost)  
  17  0:51  Probe (Chrono Boost)  
  18  1:03  Probe  
  19  1:15  Probe  
  20  1:25  Nexus  
  20  1:33  Cybernetics Core  
  20  1:37  Probe  
  21  1:43  Pylon  
  21  1:50  Assimilator  
  21  1:51  Probe  
  22  2:03  Probe (Chrono Boost)  
  22  2:07  Adept (Chrono Boost)  
  23  2:11  Warp Gate  
  26  2:15  Probe (Chrono Boost)  
  26  2:22  Probe (Chrono Boost)  
  27  2:23  Twilight Council  
  27  2:30  Probe  
  27  2:37  Probe  
  29  2:42  Probe  
  30  2:44  Stalker  
  30  2:49  Probe  
  32  2:54  Probe  
  33  3:01  Probe (Chrono Boost)  
  33  3:03  Blink (Chrono Boost)  
  33  3:04  Shield Battery  
  33  3:11  Probe (Chrono Boost)  
  35  3:21  Probe x2 (Chrono Boost)  
  35  3:26  Probe (Chrono Boost)  
  36  3:27  Probe  
  38  3:38  Probe  
  38  3:39  Probe  
  38  3:50  Probe (Chrono Boost)  
  38  3:55  Probe (Chrono Boost)  
  40  3:57  Gateway  
  40  3:59  Gateway  
  40  4:00  Sentry  
  40  4:02  Probe (Chrono Boost)  
  43  4:08  Probe x2 (Chrono Boost)  
  45  4:12  Nexus  
  45  4:16  Pylon, Probe  
  46  4:22  Pylon  
  46  4:32  Robotics Facility  
  46  4:34  Probe x2  
  46  4:35  Assimilator  
  48  4:46  Stalker, Probe x2  
  48  4:47  Charge (Chrono Boost)  
  48  4:52  Stalker  
  54  4:53  Stalker  
  54  4:58  Probe x2 (Chrono Boost)  
  58  5:09  Gateway x2  
  58  5:10  Probe (Chrono Boost)  
  60  5:16  Probe (Chrono Boost)  
  60  5:19  Probe (Chrono Boost)  
  60  5:20  Pylon, Observer  
  62  5:24  Probe (Chrono Boost)  
  62  5:27  Gateway x2, Probe (Chrono Boost)  
  62  5:28  Probe (Chrono Boost)  
  65  5:30  Sentry  
  68  5:36  Probe (Chrono Boost)  
  68  5:39  Probe (Chrono Boost)  
  68  5:40  Probe x2 (Chrono Boost)  
  68  5:41  Forge  
  71  5:45  Pylon  
  71  5:46  Observer (Chrono Boost)  
  71  5:48  Probe x2  
  74  5:50  Shield Battery  
  74  5:52  Probe  
  75  5:58  Robotics Bay  
  75  6:00  Pylon  
  75  6:02  Probe  
  76  6:04  Stalker x2  
  76  6:06  Probe  
  76  6:09  Assimilator  
  81  6:16  Immortal (Chrono Boost)  
  85  6:21  Pylon  
  85  6:27  Protoss Ground Weapons Level 1 (Chrono Boost), Pylon  
  85  6:28  Zealot x3  
  85  6:30  Probe  
  85  6:31  Pylon  
  92  6:33  Pylon, Phoenix  
  92  6:38  Forge  
  92  6:39  Probe  
  93  6:40  Pylon  
  93  6:45  Probe  
  94  6:47  Pylon  
  94  6:52  Zealot x3  
  94  6:53  Disruptor (Chrono Boost)  
  103  6:58  Gateway  
  103  7:03  Zealot  
  103  7:04  Protoss Ground Armor Level 1 (Chrono Boost), Zealot  
  107  7:13  Disruptor (Chrono Boost)  
  107  7:14  Dark Shrine  
  108  7:16  Zealot x3  
  108  7:20  Zealot  
  116  7:29  Zealot x3  
  118  7:41  Zealot x4  
  118  7:43  Disruptor (Chrono Boost)  
  120  7:49  Zealot x3  
  125  7:54  Pylon  
  125  7:56  Pylon  
  125  7:58  Zealot  
  125  8:02  Nexus  
  127  8:11  Zealot  
  127  8:12  Zealot x4  
  117  8:13  Zealot  
  117  8:15  Disruptor (Chrono Boost)  
  114  8:20  Zealot x2  
  114  8:30  Probe  
  114  8:32  Probe  
  114  8:33  Pylon  
  116  8:36  Dark Templar, Protoss Ground Weapons Level 2 (Chrono Boost)  
  116  8:40  Dark Templar  
  120  8:42  Zealot x4  
  120  8:44  Probe  
  129  8:53  Robotics Facility  
  127  8:56  Assimilator  
  127  9:02  Stalker x3  
  125  9:04  Observer, Zealot x3  
  125  9:05  Extended Thermal Lance  
  125  9:06  Colossus (Chrono Boost)  
  137  9:12  Probe  
  137  9:14  Probe  
  137  9:15  Shield Battery  
  139  9:18  Protoss Ground Armor Level 2 (Chrono Boost)  
  139  9:19  Probe  
  140  9:29  Zealot x2  
  140  9:30  Zealot x3  
  148  9:35  Zealot x2  
  152  9:41  Colossus (Chrono Boost)  
  152  9:46  Zealot  
  152  9:51  Zealot x3  
  160  9:57  Stalker x2  
  150  10:03  Colossus (Chrono Boost)  
  150  10:05  Zealot  
  153  10:08  Probe  
  153  10:13  Stalker x3  
  142  10:24  Probe  
  142  10:27  Photon Cannon  
  143  10:31  Photon Cannon  
  143  10:32  Photon Cannon  
  143  10:36  Dark Templar x2  
  143  10:40  Archon  
  147  10:43  Colossus (Chrono Boost)  
  147  10:44  Probe x2  
  147  10:46  Probe  
  147  10:47  Assimilator, Shield Battery  
  147  10:48  Probe  
  147  10:49  Zealot  
  159  10:52  Zealot  
  161  10:59  Stalker x4  
  169  11:10  Stalker x3  
  161  11:20  Disruptor  
  161  11:23  Zealot x3  
  161  11:24  Zealot x2  
  171  11:29  Assimilator  
  171  11:33  Pylon, Protoss Ground Weapons Level 3 (Chrono Boost)  
  171  11:37  Zealot x3  
  167  11:46  Probe  
  168  11:50  Stalker x5  
  168  11:51  Assimilator  
  168  11:54  Protoss Ground Armor Level 3 (Chrono Boost)  
  178  12:00  Gateway x2  
  178  12:04  Observer  
  178  12:05  Shadow Stride (Chrono Boost)  
  178  12:12  Nexus  
  178  12:14  Zealot x4  
  189  12:24  Disruptor (Chrono Boost)  
  189  12:29  Disruptor (Chrono Boost)  
  180  12:39  Zealot x4  
  180  12:40  Stalker x4  
  196  12:49  Disruptor (Chrono Boost)  
  191  13:02  Stalker x3  
  191  13:04  Probe  
  196  13:06  Pylon  
  196  13:24  Disruptor  
  196  13:26  Nexus  
  197  13:28  Dark Templar, Templar Archives  
  197  13:30  Pylon  
  199  13:37  Photon Cannon  
  199  13:39  Photon Cannon  
  195  13:42  Disruptor  
  188  13:51  Dark Templar x2  
  188  13:56  Photon Cannon  
  188  13:57  Photon Cannon  
  188  13:59  Photon Cannon  
  188  14:00  Shield Battery, Stalker x4  
  190  14:02  Shield Battery  
  184  14:13  Disruptor  
  177  14:28  Stalker x6  
  164  14:49  Stalker x2  
  164  14:50  Stalker x2  
  162  14:58  Stalker x4  

Tags
 
Add a new tag
Caveats
  • Supply blocks, unpowered buildings, or Contaminate may cause inaccurate times.
  • Supply counts are checked every 10 seconds.